 Dungeon Crawl Stone Soup version 0.18.1-48-g4cf74bf (webtiles) character file.

393 Aquadorian the Magician (level 6, -4/33 HPs)
             Began as a Deep Elf Fire Elementalist on July 5, 2016.
             Killed by divine providence
             ... invoked by an orc priest
              (15 damage)
             ... on level 4 of the Dungeon.
             The game lasted 00:42:22 (4199 turns).

Aquadorian the Magician (DEFE)                      Turns: 4199, Time: 00:42:23

Health: -4/33      AC:  4    Str:  5    XL:     6   Next: 51%
Magic:  11/17      EV: 13    Int: 22    God:
Gold:   139        SH:  0    Dex: 15    Spells: 3 memorised, 10 levels left

rFire  . . .     SeeInvis .     u - +8 rapier of Insomnia {pierce, +Rage rElec MR+}
rCold  . . .     Gourm    .     a - +0 robe
rNeg   . . .     Faith    .     (no shield)
rPois  .         Spirit   .     (no helmet)
rElec  +         Dismiss  .     (no cloak)
rCorr  .         Reflect  .     (no gloves)
SustAt .         Harm     .     (no boots)
MR     +....                    (no amulet)
Stlth  ++........               (no ring)
                                d - +2 ring of protection

@: somewhat resistant to hostile enchantments, unstealthy
A: no striking features
a: Evoke Berserk Rage


You were on level 4 of the Dungeon.
You were not hungry.

You visited 1 branch of the dungeon, and saw 4 of its levels.

You collected 139 gold pieces.

Inventory:

Hand Weapons
 u - the +8 rapier of Insomnia (weapon) {pierce, +Rage rElec MR+}
   (You found it on level 4 of the Dungeon)

   It inflicts extra damage upon your enemies.
   It insulates you from electricity.
   It affects your resistance to hostile enchantments.
   It lets you go berserk.
Armour
 a - a +0 robe (worn)
 h - a mottled dragon hide
Jewellery
 d - a +2 ring of protection (left hand)
Wands
 e - a wand of acid (13/15)
Scrolls
 i - 8 scrolls of identify
 l - a scroll of enchant weapon
 m - a scroll of recharging
 o - a scroll of random uselessness
 q - a scroll of remove curse
 t - 3 scrolls of teleportation
Potions
 g - a potion of heal wounds {unknown}
 n - a potion of haste
 p - a potion of agility
 s - a potion of flight {unknown}
Books
 b - a book of Flames

   Spells                             Type                      Level
   a - Flame Tongue                   Conjuration/Fire             1
   b - Throw Flame                    Conjuration/Fire             2
   c - Conjure Flame                  Conjuration/Fire             3
   d - Inner Flame                    Hexes/Fire                   3
   e - Sticky Flame                   Conjuration/Fire             4
   f - Fireball                       Conjuration/Fire             5
 j - a book of Minor Magic

   Spells                             Type                      Level
   a - Magic Dart                     Conjuration                  1
   b - Blink                          Translocation                2
   c - Call Imp                       Summoning                    2
   d - Repel Missiles                 Charms/Air                   2
   e - Slow                           Hexes                        2
   f - Conjure Flame                  Conjuration/Fire             3
   g - Mephitic Cloud                 Conjuration/Poison/Air       3
Comestibles
 c - 4 bread rations
 f - 2 beef jerkies
 k - 3 slices of pizza
 r - 2 meat rations


   Skills:
 + Level 0.4 Fighting
 + Level 0.8 Short Blades
 - Level 2.4 Dodging
 - Level 2.4 Stealth
 * Level 6.6 Spellcasting
 + Level 3.7 Conjurations
 + Level 4.9 Fire Magic


You had 10 spell levels left.
You knew the following spells:

 Your Spells              Type           Power        Failure   Level  Hunger
a - Flame Tongue          Conj/Fire      ####.        1%          1    None
b - Conjure Flame         Conj/Fire      ####....     6%          3    #......
c - Sticky Flame          Conj/Fire      ####....     17%         4    ###....


Dungeon Overview and Level Annotations

Branches:
Dungeon (4/15)
 Temple: D:4-7

Altars:
Qazlal
Xom


Message History

Casting: Flame Tongue
Confirm with . or Enter, or press ? or * to list all spells.
Aiming: Flame Tongue
Press: ? - help, Shift-Dir - straight line, f/p - orc priest
Aim: an orc priest, wielding a flail and wearing a scale mail (heavily wounded)
The flame tongue hits the orc priest.
The orc priest is severely wounded.
The orc hits you but does no damage. The orc priest closely misses you.
The orc barely misses you.
Casting: Flame Tongue
Confirm with . or Enter, or press ? or * to list all spells.
Aiming: Flame Tongue
Press: ? - help, Shift-Dir - straight line, f/p - orc priest
Aim: an orc priest, wielding a flail and wearing a scale mail (severely wounded)
The flame tongue hits the orc priest.
You kill the orc priest!
The orc misses you. The orc closely misses you.
The orc priest calls down the wrath of Beogh upon you.
Beogh smites you!
You die...

#.######........#.#
#.#...............#
#.#.####........(.#####
###.#.#
#..##.##.......#
#...#.#
#..##.####)###.#
#.###.# #..##.# #.# #.#
# #># #.####..##.# #.#
#.# # #.# #.##.o)....#
#.# #.### #.#
#.##.#@.#######.###....
#.#
#.#.#.oo.......o.....#.
#.#
#(.###........#.####..>
#.# #.## ##.......#.#
##.#. #.#
##.###..#####.#.# #..#.
#.# #.#[#.....(...#
#.... #.#
#...#######.### #..#.
#.# #...# #.# #..#. #.#
###...# #.# #.().


You could see an orc priest and 2 orcs.

Vanquished Creatures
  2 orc priests (D:4)
  3 orc wizards
  Ijyb (D:2)
  3 worker ants (D:4)
  5 gnolls
  2 adders
  5 worms
  2 giant geckos (D:2)
  8 orcs
  8 bats
  3 giant cockroaches
  4 goblins
  6 hobgoblins
  3 jackals (D:4)
  A quokka (D:4)
  6 giant newts
  6 kobolds
  13 rats
81 creatures vanquished.

Notes
Turn   | Place    | Note
--------------------------------------------------------------
     0 | D:1      | Aquadorian the Deep Elf Fire Elementalist began the quest for the Orb.
     0 | D:1      | Reached XP level 1. HP: 10/10 MP: 6/6
   628 | D:1      | Reached XP level 2. HP: 15/15 MP: 6/8
   671 | D:2      | Found a stormy altar of Qazlal.
   780 | D:2      | Reached skill level 4 in Spellcasting
   780 | D:2      | Reached XP level 3. HP: 19/19 MP: 3/10
  1526 | D:2      | Reached XP level 4. HP: 24/24 MP: 8/12
  1574 | D:2      | Learned a level 3 spell: Conjure Flame
  1579 | D:2      | Learned a level 4 spell: Sticky Flame
  1636 | D:2      | Noticed Ijyb
  1686 | D:2      | Killed Ijyb
  1686 | D:2      | Reached skill level 5 in Spellcasting
  2369 | D:3      | Reached XP level 5. HP: 26/28 MP: 12/14
  3077 | D:4      | Reached skill level 6 in Spellcasting
  3102 | D:4      | Reached XP level 6. HP: 21/32 MP: 1/17
  3284 | D:4      | Found a shimmering altar of Xom.
  3296 | D:4      | Got a brightly glowing rapier
  3297 | D:4      | Identified the +8 rapier of Insomnia {pierce, +Rage rElec MR+} (You found it on level 4 of the Dungeon)
  3846 | D:4      | HP: 1/32 [orc priest/divine providence (14)]
  4199 | D:4      | Killed from afar by an orc priest

Skill      XL: |  1  2  3  4  5 |
---------------+----------------+-----
Spellcasting   | 4 5 6 |  6.6
Fire Magic     | 4 |  4.9
Conjurations   | 2 3 |  3.7
Fighting       | |  0.4
Short Blades   | |  0.8
Dodging        | |  2.4
Stealth        | |  2.4

Action                   |  1- 3 |  4- 6 || total
-------------------------+-------+-------++-------
Melee: Dagger            |    22 |     9 ||    31
 Cast: Flame Tongue      |    49 |   123 ||   172
       Conjure Flame     |       |     4 ||     4
  Use: Potion            |       |     8 ||     8
       Scroll            |       |     7 ||     7
 Stab: Sleeping          |       |     1 ||     1
  Eat: Chunk             |     2 |     8 ||    10
       Bread ration      |       |     1 ||     1
Armor: Robe              |     6 |    10 ||    16
Dodge: Dodged            |    18 |    39 ||    57
